 Dungeon Sprint DCSS version 0.31-a0-1-g4198be8af4 (webtiles) character file.

Game seed: 17623952193374281023

9352 123456 the Warrior (level 11, -2/123 HPs)
             Began as a Minotaur Fighter on May 2, 2023.
             Was an Initiate of Gozag.
             Slain by an orc knight
             ... wielding a +0 halberd
              (19 damage)
             ... in the Dungeon (Sprint IX: "|||||||||||||||||||||||||||||").
             The game lasted 00:02:23 (1363 turns).

123456 the Warrior (Minotaur Fighter)               Turns: 1363, Time: 00:02:24

Health: -2/123     AC: 24    Str: 31    XL:     11   Next: 21%
Magic:  11/11      EV: 12    Int:  9    God:    Gozag
Gold:   2360       SH:  4    Dex:  8    Spells: 10/10 levels left

rFire   . . .        n - +6 morningstar (protect)
rCold   . . .        c - +0 buckler
rNeg    . . .        o - +1 chain mail
rPois   .            (helmet restricted)
rElec   .            s - +0 cloak
rCorr   .            a - +0 pair of gloves
SInv    .            (no boots)
Will    .....        (no amulet) Stlth
                     p - +3 ring of strength
HPRegen 0.40/turn    q - +3 ring of strength
MPRegen 0.12/turn

%: no teleportation
@: gold aura, under a protective aura, bribing [the Dungeon]
A: horns 2, retaliatory headbutt, clever 1, high MP 1
a: Renounce Religion, Potion Petition, Call Merchant, Bribe Branch


You were in the Dungeon.
You worshipped Gozag.
Gozag was most pleased with you.
You visited 1 branch You collected 5360 gold pieces.
You paid 3000 gold pieces to Gozag.

Inventory:

Hand Weapons
 n - a +6 morningstar of protection (weapon)
Missiles
 b - 4 throwing nets (quivered)
Armour
 a - a +0 pair of gloves (worn)
 c - a +0 buckler (worn)
 o - a +1 chain mail (worn)
 s - a +0 cloak (worn)
Jewellery
 p - a +3 ring of strength (left hand)
 q - a +3 ring of strength (right hand)
Wands
 m - a wand of iceblast (10)
Scrolls
 j - 3 scrolls of blinking
 l - 2 scrolls of amnesia
 v - 2 scrolls of fog
Potions
 d - 2 potions of might
 e - 5 potions of curing
 f - 5 potions of heal wounds
 g - 2 potions of haste
 h - 4 potions of magic
 i - a potion of berserk rage
 k - a potion of invisibility
 r - 2 potions of brilliance
 t - 2 potions of resistance
 u - a potion of cancellation


   Skills:
 * Level 19.2 Fighting
 * Level 19.0 Maces & Flails
 + Level 14.1 Armour
 + Level 12.4 Dodging
 - Level 3.6 Shields


You had 10 spell levels left.
You didn't know any spells.
Your spell library was empty.

Dungeon Overview and Level Annotations

Branches:
Dungeon (1/1)

Altars:
Cheibriados
Dithmenos
Elyvilon
Fedhas
Gozag
Hepliaklqana
Kikubaaqudgha
Makhleb
Nemelex Xobeh
Okawaru
Qazlal
Ru
Sif Muna
Trog
Uskayaw
Vehumet
Wu Jian
Xom
Yredelemnul
Zin
The Shining One
Jiyva
Lugonu


Innate Abilities, Weirdness & Mutations

You have a pair of horns on your head.
You reflexively headbutt those who attack you in melee.
Your mind is acute. (Int +4, Str/Dex -1)
You have an increased reservoir of magic. (+10% MP)


Message History

Things that are here:
a +0 short sword; a +0 ring mail You bludgeon the orc knight!!
Your weapon exudes an aura of protection.
Your headbutt misses the orc knight.
The orc knight is severely wounded.
The orc knight barely misses you.
You hit the orc knight.
You headbutt the orc knight, but do no damage.
The orc knight is severely wounded.
You block the orc knight's attack.
You bludgeon the orc knight!!
You kill the orc knight!
Your Maces & Flails skill increases to level 19!
The orc knight hits you with a +0 halberd!!
Things that are here:
54 gold pieces; a +3 great sword; a +0 plate armour You barely miss the orc knight.
The orc knight hits you with a +0 halberd!
You closely miss the orc knight. You headbutt the orc knight.
The orc knight is lightly wounded.
The orc knight hits you with a +0 halberd!
* * * LOW HITPOINT WARNING * * *
You hit the orc knight.
The orc knight is lightly wounded.
You closely miss the orc knight.
The orc knight is lightly wounded.
The orc knight hits you with a +0 halberd!!
* * * LOW HITPOINT WARNING * * *
You bludgeon the orc knight!!
The orc knight is heavily wounded.
The orc knight barely misses you.
You hit the orc knight.
You headbutt the orc knight, but do no damage.
The orc knight is heavily wounded.
The orc knight barely misses you. You furiously retaliate!
You headbutt the orc knight!
The orc knight hits you from afar with a +0 halberd!!
You die...
Your body crumbles into a pile of gold. ▓ $$$$$ $ $ $ $$$$$ $$$oo

▓▓▓▓▓▓▓▓▓▓▓▓▓▓▓▓▓▓▓▓▓▓▓▓▓▓▓▓▓▓▓▓▓
................@$o..............
.▓▓▓▓▓▓▓▓▓▓▓▓▓▓▓▓▓▓▓▓▓▓▓▓▓▓▓▓▓▓▓▓
....'..[[[[..'.[[)........'......
▓▓▓▓▓▓▓▓▓▓▓▓▓▓▓▓▓▓▓▓▓▓▓▓▓▓▓▓▓▓▓▓▓
.................................
.▓▓▓▓▓▓▓▓▓▓▓▓▓▓▓▓▓▓▓▓▓▓▓▓▓▓▓▓▓▓▓▓
..'......(....).)....[.)..'______
▓▓▓▓▓▓▓▓▓▓▓▓▓▓▓▓▓▓▓▓▓▓▓▓▓▓▓▓▓▓▓▓▓


You could see an orc knight (strong).

Vanquished Creatures
  Harold (D)
  2 hydras (D)
  A boulder beetle (D)
  A death yak (D)
  A two-headed ogre (D)
  2 orc knights (D)
  A cyclops (D)
  2 cane toads (D)
  A komodo dragon (D)
  A hornet (D)
  2 trolls (D)
  A blink frog (D)
  4 yaks (D)
  A wraith (D)
  A steam dragon (D)
  A vampire mosquito (D)
  2 wargs (D)
  An acid dragon (D)
  4 water moccasins (D)
  A hell hound (D)
  An orc warrior (D)
  A black bear (D)
  7 wolves (D)
  A bullfrog (D)
  A howler monkey (D)
  5 orc priests (D)
  A hound (D)
  A jelly (D)
  3 orc wizards (D)
  7 orcs (D)
  A ball python (D)
  A bat (D)
  A giant cockroach (D)
  A kobold (D)
  A rat (D)
64 creatures vanquished.

Notes
Turn   | Place    | Note
-------+----------+-------------------------------------------
     0 | D        | 123456 the Minotaur Fighter began the quest for the Orb.
     0 | D        | Reached XP level 1. HP: 19/19 MP: 0/0
    14 | D        | Reached skill level 1 in Dodging
    20 | D        | Noticed a jelly
    20 | D        | Noticed a hound
    20 | D        | Noticed a black bear
    26 | D        | Killed a black bear
    27 | D        | Reached skill level 5 in Armour
    27 | D        | Reached XP level 2. HP: 9/34 MP: 1/1
    27 | D        | Reached XP level 3. HP: 10/39 MP: 2/2
    27 | D        | Reached XP level 4. HP: 13/47 MP: 3/3
    34 | D        | Reached XP level 5. HP: 12/53 MP: 4/4
   182 | D        | Found a snail-covered altar of Cheibriados.
   182 | D        | Found a shadowy altar of Dithmenos.
   182 | D        | Found a white marble altar of Elyvilon.
   182 | D        | Found a blossoming altar of Fedhas.
   182 | D        | Found an opulent altar of Gozag.
   183 | D        | Found a hazy altar of Hepliaklqana.
   184 | D        | Found a viscous altar of Jiyva.
   185 | D        | Found an ancient bone altar of Kikubaaqudgha.
   186 | D        | Found a corrupted altar of Lugonu.
   187 | D        | Found a burning altar of Makhleb.
   188 | D        | Found a sparkling altar of Nemelex Xobeh.
   189 | D        | Found an iron altar of Okawaru.
   190 | D        | Found a stormy altar of Qazlal.
   191 | D        | Found a sacrificial altar of Ru.
   196 | D        | Became a worshipper of Gozag Ym Sagoz the Greedy
   203 | D        | Found a shimmering blue altar of Sif Muna.
   204 | D        | Found a bloodstained altar of Trog.
   205 | D        | Found a hide-covered altar of Uskayaw.
   206 | D        | Found a radiant altar of Vehumet.
   207 | D        | Found an ornate altar of the Wu Jian Council.
   208 | D        | Found a shimmering altar of Xom.
   209 | D        | Found a basalt altar of Yredelemnul.
   210 | D        | Found a glowing silver altar of Zin.
   211 | D        | Found a glowing golden altar of the Shining One.
   257 | D        | Noticed an acid dragon
   257 | D        | Noticed a hornet
   257 | D        | Noticed a two-headed ogre
   257 | D        | Noticed a yak
   261 | D        | Killed a yak
   262 | D        | Reached skill level 5 in Dodging
   262 | D        | Reached XP level 6. HP: 62/66 MP: 5/5
   266 | D        | Killed a two-headed ogre
   267 | D        | Reached XP level 7. HP: 60/77 MP: 6/6
   285 | D        | Paralysed by a hornet for 2 turns
   290 | D        | Killed a hornet
   291 | D        | Reached XP level 8. HP: 54/85 MP: 7/7
   401 | D        | Noticed a troll
   401 | D        | Noticed a boulder beetle
   401 | D        | Noticed a cyclops
   401 | D        | Noticed a troll
   404 | D        | Killed a troll
   405 | D        | Reached skill level 10 in Armour
   410 | D        | Killed a cyclops
   424 | D        | Reached XP level 9. HP: 81/96 MP: 8/8
   427 | D        | Killed a troll
   443 | D        | Killed a boulder beetle
   444 | D        | Reached skill level 15 in Fighting
   444 | D        | Reached skill level 15 in Maces & Flails
   649 | D        | Gained mutation: You have an increased reservoir of magic.
                  | (+10% MP) [potion of mutation]
   649 | D        | Gained mutation: Your mind is acute. (Int +4, Str/Dex -1)
                  | [potion of mutation]
   661 | D        | Reached skill level 10 in Dodging
   686 | D        | Reached XP level 10. HP: 91/108 MP: 10/10
   741 | D        | Noticed an eight-headed hydra
   741 | D        | Noticed a cane toad
   741 | D        | Noticed a death yak
   741 | D        | Noticed a seven-headed hydra
   743 | D        | Killed a seven-headed hydra
   744 | D        | Noticed a cane toad
   749 | D        | Killed a death yak
   752 | D        | Killed an eight-headed hydra
   758 | D        | Killed a cane toad
   764 | D        | Killed a cane toad
  1085 | D        | Noticed Harold
  1094 | D        | Killed Harold
  1095 | D        | Reached XP level 11. HP: 113/121 MP: 11/11
  1252 | D        | Noticed an orc knight
  1252 | D        | Noticed an orc knight
  1252 | D        | Noticed an orc knight
  1258 | D        | Killed an orc knight
  1355 | D        | Killed an orc knight
  1363 | D        | Slain by an orc knight

Illustrated notes

Levels and vault maps discovered:
D:        linesprint [early_d, line_temple, items_1, d_10, items_2, lair_1,
          lair_end, items_3, orc_1, orc_end, items_4, d_15, swamp_1, shoals_1,
          snake_1, spider_1, d_20, vaults_1, items_5, swamp_end, shoals_end,
          snake_end, spider_end, vaults_end, d_27, items_6, zot_1, zot_end,
          crypt_end, forest_end, elf_end, slime_end, tomb_end, abyss_end,
          pan_hell_end]

Skill      XL: |  1  2  3  4  5  6  7  8  9 10 11 |
---------------+----------------------------------+-----
Fighting       | 7 8 9 12 14 16 18 19 | 19.2
Maces & Flails | 6 7 9 12 14 16 18 19 | 19.0
Dodging        | 3 4 5 7 9 10 12 | 12.4
Armour         | 5 6 7 9 10 12 13 14 | 14.1
Shields        | |  3.6

Action                     |  1- 3 |  4- 6 |  7- 9 | 10-12 || total
---------------------------+-------+-------+-------+-------++-------
  Melee: Flail             |    16 |     7 |       |       ||    23
         Headbutt          |     2 |     3 |    18 |    21 ||    44
         Morningstar       |       |     9 |    75 |    95 ||   179
 Invoke: Bribe Branch      |       |       |       |     1 ||     1
    Use: Scroll            |       |       |     4 |       ||     4
         Potion            |       |       |     1 |       ||     1
 Armour: Scale mail        |    11 |       |       |       ||    11
         Chain mail        |       |     3 |    40 |    26 ||    69
  Dodge: Dodged            |     8 |     9 |    24 |    21 ||    62
  Block: Buckler           |     7 |       |    11 |    11 ||    29

Table legend: (Time is in decaauts)
 A = Elapsed time spent in this place.
 B = Non-inter-level travel time spent in this place.
 C = Inter-level travel time spent in this place.
 D = Time resting spent in this place.
 E = Time spent auto-exploring this place.
 F = Levels seen in this place.
 G = Mean time per level.
                   A        B        C        D        E       F      G
               +--------+--------+--------+--------+--------+-----+--------+
         Total |   1327 |   1327 |      0 |    486 |    312 |   1 | 1327.0 |
       Dungeon |   1327 |   1327 |      0 |    486 |    312 |   1 | 1327.0 |
               +--------+--------+--------+--------+--------+-----+--------+

Top non-repeatable levels by time:
       D: 1327 daAuts
